 Dungeon Sprint DCSS version 0.22.1-2-g9c5b331383 (webtiles) character file.

14 Groucho the Chopper (level 2, 0/28 HPs)
             Began as a Naga Fighter on Nov 19, 2018.
             Was a Believer of Cheibriados.
             Slain by a quasit (2 damage)
             ... in the Dungeon (Sprint VII: "The Pits").
             The game lasted 00:01:00 (327 turns).

Groucho the Chopper (Naga Fighter)                   Turns: 327, Time: 00:01:01

Health: 0/28       AC:  4    Str: 23      XL:     2   Next: 45%
Magic:  4/4        EV:  5    Int: 13      God:    Cheibriados [**....]
Gold:   0          SH:  8    Dex:  6 (15) Spells: 1/1 levels left

rFire    . . .     SeeInvis +   a - +0 war axe
rCold    . . .     Gourm    .   c - +0 shield
rNeg     . . .     Faith    .   b - +0 scale mail
rPois    +         Spirit   .   (no helmet)
rElec    .         Reflect  .   (no cloak)
rCorr    .         Harm     .   (no gloves)
MR       .....     NoTele   +   (no barding)
Stlth    ..........             (no amulet)
HPRegen  0.09/turn              (no ring)
MPRegen  0.09/turn              (no ring)

@: lethally poisoned (0 -> -2), very slightly contaminated, invisible, very slow
A: large, see invisible, deformed body, poison resistance, slowness 2, slow
metabolism 1, spit poison 1, AC +0
a: Spit Poison, Bend Time, Renounce Religion


You were in the Dungeon.
You worshipped Cheibriados.
Cheibriados was pleased with you.
You were not hungry.

You visited 1 branch

Inventory:

Hand Weapons
 a - a +0 war axe (weapon)
 l - a +2 mace
Missiles
 q - 10 stones (quivered)
Armour
 b - a +0 scale mail (worn)
 c - a +0 shield (worn)
Scrolls
 k - a scroll of blinking
 n - 3 scrolls of remove curse
 o - 5 scrolls of amnesia
 p - a scroll of summoning
Potions
 d - a potion of might
 h - a potion of haste
 i - 4 potions of magic
 j - 3 potions of berserk rage
 m - a potion of invisibility
Comestibles
 f - 9 rations


   Skills:
 - Level 3.0 Fighting
 + Level 4.2 Axes
 - Level 2.4 Armour
 - Level 2.4 Shields
 + Level 3.0 Invocations


You had one spell level left.
You didn't know any spells.
Your spell library was empty.

Dungeon Overview and Level Annotations

Branches:
Dungeon (1/1)

Altars:
Ashenzari
Cheibriados
Dithmenos
Elyvilon
Fedhas
Gozag
Hepliaklqana
Kikubaaqudgha
Makhleb
Nemelex Xobeh
Okawaru
Qazlal
Ru
Sif Muna
Trog
Uskayaw
Vehumet
Wu Jian
Xom
Yredelemnul
Zin
The Shining One
Beogh
Jiyva
Lugonu


Innate Abilities, Weirdness & Mutations

You cannot wear boots.
Your serpentine skin is tough. (AC +0)
You have supernaturally acute eyesight. (SInv)
Armour fits poorly on your strangely shaped body.
Your system is resistant to poisons. (rPois)
You cover ground very slowly.
You have a slow metabolism.
You can spit poison.


Message History

* * * LOW HITPOINT WARNING * * *
You feel clumsy. The quasit completely misses you. The adder bites you.
* * * LOW HITPOINT WARNING * * *
You block the quasit's attack.
The quasit claws you but does no damage.
You block the quasit's attack.
Your shield and scale mail prevent you from hitting the quasit.
You barely miss the adder. The adder bites you but does no damage.
The quasit bites you.
* * * LOW HITPOINT WARNING * * *
You block the quasit's attack. The quasit barely misses you.
The adder completely misses you.
The quasit bites you but does no damage.
The quasit claws you but does no damage. x2
Unknown command.
You miss the quasit. You miss the adder.
* * * LOW HITPOINT WARNING * * *
You feel sick. You block the adder's attack. The quasit bites you.
You die...

#_______...###########++
##########'##...........
#.?|.')))'.##......#..#
##########.##..........
#..........†'...........
+#####'#####......#..#.
#...÷.##...........
#####'#####'#####+
#...5@##.......#
#...S.##.......#
###'####.......# ...
#...<...# .....
#.......# #......
#.......# #######
#.......# #########


You could see a quasit and an adder.

Vanquished Creatures
  An adder (D)
  A ball python (D)
  2 jackals (D)
  A frilled lizard (D)
  A leopard gecko skeleton (D)
6 creatures vanquished.

Notes
Turn   | Place    | Note
-------+----------+-------------------------------------------
     0 | D        | Groucho the Naga Fighter began the quest for the Orb.
     0 | D        | Reached XP level 1. HP: 21/21 MP: 1/1
    44 | D        | Found a bloodstained altar of Trog.
    44 | D        | Found a deep blue altar of Sif Muna.
    44 | D        | Found a viscous altar of Jiyva.
    44 | D        | Found a hazy altar of Hepliaklqana.
    44 | D        | Found an opulent altar of Gozag.
    45 | D        | Found a glowing golden altar of the Shining One.
    45 | D        | Found a glowing silver altar of Zin.
    45 | D        | Found a basalt altar of Yredelemnul.
    45 | D        | Found a shimmering altar of Xom.
    45 | D        | Found an ornate altar of the Wu Jian Council.
    45 | D        | Found a sacrificial altar of Ru.
    45 | D        | Found a stormy altar of Qazlal.
    45 | D        | Found an iron altar of Okawaru.
    45 | D        | Found a sparkling altar of Nemelex Xobeh.
    45 | D        | Found a burning altar of Makhleb.
    45 | D        | Found a blossoming altar of Fedhas.
    45 | D        | Found a white marble altar of Elyvilon.
    45 | D        | Found a shadowy altar of Dithmenos.
    45 | D        | Found a snail-covered altar of Cheibriados.
    47 | D        | Found a corrupted altar of Lugonu.
    47 | D        | Found a radiant altar of Vehumet.
    47 | D        | Found a roughly hewn altar of Beogh.
    48 | D        | Found a shattered altar of Ashenzari.
    48 | D        | Found an ancient bone altar of Kikubaaqudgha.
    48 | D        | Found a hide-covered altar of Uskayaw.
    54 | D        | Became a worshipper of Cheibriados the Contemplative
    73 | D        | Reached skill level 3 in Axes
    75 | D        | Reached * piety under Cheibriados
    75 | D        | Reached skill level 1 in Invocations
    84 | D        | Reached skill level 4 in Axes
    84 | D        | Reached XP level 2. HP: 25/28 MP: 2/4
    85 | D        | Reached ** piety under Cheibriados
   327 | D        | Slain by a quasit

Skill      XL: |  1  2 |
---------------+-------+-----
Axes           | 4 |  4.2
Invocations    | 2 3 |  3.0
Fighting       | |  3.0
Armour         | |  2.4
Shields        | |  2.4

Action                   || total
-------------------------++-------
Melee: War axe           ||    29
  Use: Potion            ||     3
 Stab: Invisible         ||     1
Armor: Scale mail        ||    39
Dodge: Dodged            ||    27
Block: Shield            ||    38
